 Dungeon Crawl Stone Soup version 0.31-a0-437-g7cee417757 (webtiles) character file.

Game seed: 14475878236938625483

81 MacCMillion the Ruffian (level 4, -5/37 HPs)
             Began as a Draconian Shapeshifter on Aug 2, 2023.
             Slain by an ogre
             ... wielding a +0 giant club
              (20 damage)
             ... on level 3 of the Dungeon.
             The game lasted 00:02:07 (2006 turns).

MacCMillion the Ruffian (Draconian Shapeshifter)    Turns: 2006, Time: 00:02:07

Health: -5/37      AC:  5    Str: 19    XL:     4   Next: 19%
Magic:  4/4        EV: 12    Int:  8    God:
Gold:   137        SH:  0    Dex: 12    Spells: 3/3 levels left

rFire   . .          .
                       - Unarmed
rCold   . . .        (no shield)
rNeg    . . .        (body armour unavailable)
rPois   .            (helmet currently unavailable)
rElec   .            (cloak currently unavailable)
rCorr   .            (gloves currently unavailable)
SInv    .            (boots currently unavailable)
Will    .....        (no amulet)
Stlth   +            (no ring)
HPRegen 0.26/turn    (no ring)
MPRegen 0.09/turn

%: no passive effects
@: beast-form
A: beast (slay +2), AC +5, unfitting armour, cold-blooded
a: Begin Untransformation


You were on level 3 of the Dungeon.
You were a hulking beast.
You visited 1 branch of the dungeon, and saw 4 of its levels.

You collected 137 gold pieces.

Inventory:

Missiles
 c - 12 poisoned darts
Talismans
 b - a beast talisman (active)
 l - a granite talisman
Scrolls
 d - 4 scrolls of identify {unknown}
 e - 2 scrolls of revelation {unknown}
 f - a scroll of fog {unknown}
 g - 4 scrolls of noise {unknown}
 h - 3 scrolls of teleportation {unknown}
 k - 2 scrolls of vulnerability {unknown}
 m - a scroll of brand weapon {unknown}
 n - a scroll of immolation {unknown}
 o - 2 scrolls of poison {unknown}
 p - a scroll of torment {unknown}
 t - a scroll of butterflies {unknown}
Potions
 a - a potion of lignification
 i - a potion of ambrosia {unknown}
 j - 2 potions of curing {unknown}
 q - 2 potions of berserk rage {unknown}
 r - a potion of mutation {unknown}
 s - a potion of degeneration {unknown}
 u - a potion of heal wounds {unknown}


   Skills:
 + Level 2.5 Fighting
 - Level 2.1 Dodging
 * Level 4.1 Unarmed Combat
 - Level 3.2 Shapeshifting


You had 3 spell levels left.
You didn't know any spells.
Your spell library contained the following spells:

 Spells                   Type           Power      Damage    Failure   Level
 Stone Arrow              Conj/Erth      0%         3d7       78%         3
 Lehudib's Crystal Spear  Conj/Erth      0%         10d2      100%        8
 Animate Armour           Summ/Erth      Unusable   N/A       N/A         4

Dungeon Overview and Level Annotations

Branches:
Dungeon (4/15)
 Temple: D:4-7

Altars:
Makhleb


Innate Abilities, Weirdness & Mutations

You are a hulking beast.
Your limbs bulge with bestial killing power. (Slay +2)
Your plain brown scales are hard. (AC +5)
You cannot fit into any form of body armour.
You are cold-blooded and may be slowed by cold attacks.


Message History

j - 2 fuming green potions (gained 1)
There is a stone staircase leading up here.
A dart slug comes into view.
A dart slug is nearby!
A dart slug is nearby!
A dart slug is nearby!
The dart slug launches a dart at you. The slug dart hits you.
An ogre comes into view. It is wielding a +0 giant club.
The ogre shouts!
You hear a shout!
You punch the dart slug!
The dart slug is almost dead.
The dart slug launches a dart at you. The slug dart hits you.
You hit the dart slug.
You kill the dart slug!
You punch the ogre!
The ogre is moderately wounded.
The ogre barely misses you.
You hit the ogre.
The ogre is heavily wounded.
The ogre hits you with a +0 giant club!!
Ouch! That really hurt!
You are too injured to fight recklessly!
There is a stone staircase leading up here.
You climb upwards.
There is a stone staircase leading down here.
You start resting.
HP restored.
You climb downwards.
The ogre hits you with a +0 giant club!!
Ouch! That really hurt!
There is a stone staircase leading up, spattered with blood here.
You are too injured to fight recklessly!
The ogre barely misses you.
You climb upwards.
There is a stone staircase leading down here.
The ogre hits you with a +0 giant club!!
Ouch! That really hurt!
You die...

#.##~~~.......~##.# #.#### #.#
#..............)..# ##....#####.#
#.................# #.).........#
##................# #.###.#######
################## #.###.###
#.#.....# #.#.....##### #
################ #............ #
#............h># #.......#####
####.############O# #.......#####
..............###.###............
####.########...............####.
# #.# #########.......####. # #.#
#........)..# # #.# ###...#####.#
# #.# ##.## ##... # #.# #.#
##....


You could see an ogre.

Vanquished Creatures
  2 adders (D:3)
  3 dart slugs
  An orc (D:3)
  2 endoplasms
  3 giant cockroaches
  4 goblins
  9 hobgoblins
  4 kobolds
  3 quokkas
  4 ball pythons
  4 bats
  4 frilled lizards
  10 rats
53 creatures vanquished.

Notes
Turn   | Place    | Note
-------+----------+-------------------------------------------
     0 | D:1      | MacCMillion the Draconian Shapeshifter began the quest for
                  | the Orb.
     0 | D:1      | Reached XP level 1. HP: 16/16 MP: 1/1
    46 | D:1      | Found a faded altar of an unknown god.
   106 | D:1      | Reached XP level 2. HP: 23/23 MP: 2/2
   519 | D:2      | Reached XP level 3. HP: 29/29 MP: 3/3
  1147 | D:3      | Found a burning altar of Makhleb.
  1147 | D:3      | Noticed a balrug
  1458 | D:3      | Reached skill level 4 in Unarmed Combat
  1458 | D:3      | Reached XP level 4. HP: 34/37 MP: 4/4
  1905 | D:4      | Noticed an ogre
  2006 | D:3      | Slain by an ogre

Illustrated notes

Levels and vault maps discovered:
D:1:      dpeg_arrival_tiny_i, layout_rooms, ebering_ecumenical_altar_abandoned
D:2:      layout_loops_ring
D:3:      layout_loops_ring, makhleb_altar_promises_db, serial_bayou,
          serial_bayou_ford_a, serial_bayou_shore_a, serial_bayou_pond_a,
          serial_bayou_pond_a
D:4:      layout_loops_ring, mainiacjoe_overflow_brackets, minmay_distorted

Skill      XL: |  1  2  3 |
---------------+----------+-----
Dodging        | 2 |  2.1
Fighting       | 2 |  2.5
Unarmed Combat | 4 |  4.1
Shapeshifting  | |  3.2

Action                     |  1- 3 |  4- 6 || total
---------------------------+-------+-------++-------
  Melee: Unarmed           |    91 |    16 ||   107
         Tailslap          |     9 |     3 ||    12
   Stab: Sleeping          |     2 |       ||     2
 Armour: Skin              |    21 |     1 ||    22
  Dodge: Dodged            |    45 |     9 ||    54

Table legend: (Time is in decaauts)
 A = Elapsed time spent in this place.
 B = Non-inter-level travel time spent in this place.
 C = Inter-level travel time spent in this place.
 D = Time resting spent in this place.
 E = Time spent auto-exploring this place.
 F = Levels seen in this place.
 G = Mean time per level.
                   A        B        C        D        E       F      G
               +--------+--------+--------+--------+--------+-----+--------+
         Total |   2022 |   1919 |    103 |    114 |   1479 |   4 |  505.5 |
       Dungeon |   2022 |   1919 |    103 |    114 |   1479 |   4 |  505.5 |
               +--------+--------+--------+--------+--------+-----+--------+

Top non-repeatable levels by time:
     D:3: 901 daAuts
     D:2: 650 daAuts
     D:1: 437 daAuts
     D:4: 33 daAuts
